 Dungeon Crawl Stone Soup version 0.29.1-13-g9f3cf754e1 (webtiles) character file.

Game seed: 18068460067535526776

537 DemonSlayer the Digger (level 7, -18/47 HPs)
             Began as a Demonspawn Earth Elementalist on Jan 22, 2023.
             Demolished by a tentacled starspawn (39 damage)
             ... on level 1 of the Abyss.
             The game lasted 00:13:10 (5375 turns).

DemonSlayer the Digger (DsEE)                       Turns: 5375, Time: 00:13:11

Health: -18/47     AC:  2    Str: 10    XL:     7   Next: 5%
Magic:  9/13       EV:  9    Int: 16    God:
Gold:   352        SH:  0    Dex: 14    Spells: 5/15 levels left

rFire   . . .      SeeInvis .   h - +7 staff of the Meek {protect, meekguard}
rCold   . . .      Faith    .   (shield currently unavailable)
rNeg    . . .      Spirit   .   j - +0 robe {Will+}
rPois   .          Reflect  .   (helmet restricted)
rElec   .          Harm     .   (no cloak)
rCorr   .          Rampage  .   (no gloves)
Will    ++...                   (no boots)
Stlth   ++........              (no amulet)
HPRegen 0.15/turn               s - ring of willpower
MPRegen 0.13/turn               (no ring)

@: constricted
A: horns 1, demonic magic 1
a: no special abilities


You were on level 1 of the Abyss.
You visited 1 branch of the dungeon, and saw 4 of its levels.
You visited the Abyss 1 time.

You collected 352 gold pieces.

Inventory:

Hand Weapons
 b - a +0 dagger
 h - the +7 staff of the Meek (weapon) {protect, meekguard}
   (You found it on level 4 of the Dungeon)

   It grants its wielder temporary protection when it strikes (+7 to AC).
   It provides extra protection to wielders with little health.
Missiles
 o - 2 throwing nets
Armour
 j - a +0 robe of willpower (worn)
Jewellery
 f - an amulet of faith
 s - a ring of willpower (left hand)
Wands
 e - a wand of acid (10)
 i - a wand of flame (3)
Scrolls
 k - 2 scrolls of amnesia
Potions
 a - a potion of degeneration {unknown}
 c - 2 potions of lignification
 d - a potion of curing {unknown}
 g - 2 potions of attraction
 n - a potion of mutation
 r - a potion of haste {unknown}


   Skills:
 + Level 0.9 Fighting
 + Level 0.9 Short Blades
 + Level 0.1(0.2) Polearms
 + Level 0.2(0.3) Staves
 + Level 2.3 Dodging
 + Level 3.3 Stealth
 + Level 4.5 Spellcasting
 + Level 0.8 Transmutations
 + Level 4.8 Earth Magic


You had 5 spell levels left.
You knew the following spells:

 Your Spells              Type           Power      Damage    Failure   Level
a - Sandblast             Erth           38%        2d10      2%          1
b - Stone Arrow           Conj/Erth      22%        3d8       19%         3
c - Passwall              Tmut/Erth      10%        N/A       8%          2
d - Dispel Undead         Necr           3%         3d7       85%         4

Your spell library contained the following spells:

 Spells                   Type           Power      Damage    Failure   Level
 Static Discharge         Conj/Air       3%         3-4/arc   24%         2
 Petrify                  Tmut/Erth      12%        N/A       45%         4
 Sticky Flame             Conj/Fire      3%         2d3       85%         4


Dungeon Overview and Level Annotations

Branches:
Dungeon (4/15)             Temple (0/1) D:4

Altars:

Annotations:
D:4 1 runed translucent door, Crazy Yiuf, Edmund


Innate Abilities, Weirdness & Mutations

You have a pair of small horns on your head.
Spells you cast may paralyse adjacent enemies.


Message History

Edmund is lightly wounded.
Malevolent energies surge around you.
You hit Edmund but do no damage.
Your weapon exudes an aura of protection.
Edmund is lightly wounded.
Edmund asks, "Have you met my wondrous brother?"
Edmund hits you with a +2 dire flail of distortion!
Space warps around you.
Edmund hits you with a +2 dire flail of distortion.
You are cast into the Abyss!
This branch contains the abyssal rune of Zot.
Unknown command.
There is an empty arch of ancient stone here.
Magic restored.
A tentacled starspawn appears in a shower of translocational energy.
A tentacled starspawn is nearby!
The blast of sand hits the tentacled starspawn!
The tentacled starspawn is lightly damaged.
Malevolent energies surge around you.
The blast of sand hits the tentacled starspawn!
The tentacled starspawn is lightly damaged.
Malevolent energies surge around you.
The blast of sand hits the tentacled starspawn but does no damage.
The tentacled starspawn is lightly damaged.
Malevolent energies surge around you.
Tentacles burst from the starspawn's body! 2 starspawn tentacles come into view.
The blast of sand hits the tentacled starspawn.
The tentacled starspawn is lightly damaged.
Malevolent energies surge around you. The tentacled starspawn bites you.
The tentacled starspawn barely misses you.
The blast of sand hits the tentacled starspawn.
The tentacled starspawn is moderately damaged.
Malevolent energies surge around you.
The tentacled starspawn closely misses you.
The tentacled starspawn tentacle-slaps you!
The starspawn tentacle grabs you.
The starspawn tentacle constricts you. x2
The tentacled starspawn bites you!!!
Ouch! That really hurt!
You die...

. . .....
... . . #
#..# .#.
...###.
....##.#....
..#.......#
#.....∩.# #
. ..#@# #
#...wXw#
#...#....#
...####....
. #..#.. .
.....#.
...#.#..
.###..# ##


You could see a tentacled starspawn and 2 starspawn tentacles.

Vanquished Creatures
  Sigmund (D:3)
  A black bear (D:4)
  Blork the orc (D:4)
  A crimson imp (D:3)
  An orc priest (D:4)
  2 hounds (D:4)
  2 worms (D:3)
  3 orcs (D:4)
  6 bats
  5 endoplasms
  4 giant cockroaches
  12 goblins
  6 hobgoblins
  6 jackals
  4 kobolds
  3 quokkas
  6 ball pythons
  5 frilled lizards
  4 goblin skeletons (D:3)
  3 goblin zombies (D:3)
  2 kobold zombies (D:3)
  2 orc skeletons (D:3)
  9 rats
89 creatures vanquished.

Notes
Turn   | Place    | Note
-------+----------+-------------------------------------------
     0 | D:1      | DemonSlayer the Demonspawn Earth Elementalist began the
                  | quest for the Orb.
     0 | D:1      | Reached XP level 1. HP: 13/13 MP: 3/3
   150 | D:1      | Gained mutation: Spells you cast may paralyse adjacent
                  | enemies. [demonic ancestry]
   150 | D:1      | Reached XP level 2. HP: 10/19 MP: 1/5
   772 | D:1      | Reached XP level 3. HP: 24/24 MP: 4/6
  1137 | D:1      | Learned a level 3 spell: Stone Arrow
  1140 | D:1      | Learned a level 2 spell: Passwall
  1169 | D:2      | Found a faded altar of an unknown god.
  2444 | D:3      | Reached XP level 4. HP: 18/31 MP: 0/8
  2759 | D:3      | Noticed Sigmund
  2815 | D:3      | Killed Sigmund
  2816 | D:3      | Reached XP level 5. HP: 32/36 MP: 1/10
  2816 | D:3      | Reached XP level 6. HP: 37/42 MP: 1/11
  4039 | D:3      | Learned a level 4 spell: Dispel Undead
  4487 | D:4      | Noticed Blork the orc
  4497 | D:4      | Found the +7 staff of the Meek {protect, meekguard}
  4882 | D:4      | HP: 1/42 [Blork the orc/+2 flail of protection (11)]
  4987 | D:4      | Killed Blork the orc
  4988 | D:4      | Gained mutation: You have a pair of small horns on your
                  | head. [demonic ancestry]
  4988 | D:4      | Reached XP level 7. HP: 19/47 MP: 6/13
  5177 | D:4      | Found a runed translucent door.
  5178 | D:4      | Noticed Crazy Yiuf
  5253 | D:4      | Found a staircase to the Ecumenical Temple.
  5259 | D:4      | Identified the +8 dagger "DemonSlayer's Regret" {flame,
                  | *Noise rElec rN+}
  5329 | D:4      | Noticed Edmund
  5332 | Abyss:1  | Cast into level 1 of the Abyss (Edmund)
  5371 | Abyss:1  | Noticed a tentacled starspawn
  5375 | Abyss:1  | Demolished by a tentacled starspawn

Illustrated notes

Levels and vault maps discovered:
D:1:      dpeg_arrival_ratfight, layout_basic
D:2:      layout_basic, hellmonk_ecumenical_altar_lost_god,
          serial_bayou_crossing
D:3:      layout_basic, nicolae_tso_besieged_by_evil, minmay_statues_item,
          uniq_sigmund
D:4:      layout_rooms, nicolae_qazlal_style_of_elements,
          minmay_temple_entry_junction, corner_web_ring,
          corexii_item_surrounded_by_moat, minivault_23, uniq_blork_the_orc,
          uniq_crazy_yiuf_cottage, uniq_edmund
Abyss:1:  base:
D:4

Skill      XL: |  1  2  3  4  5  6 |
---------------+-------------------+-----
Earth Magic    | 3 4 |  4.8
Dodging        | 2 |  2.3
Stealth        | 2 3 |  3.3
Spellcasting   | 3 4 |  4.5
Fighting       | |  0.9
Short Blades   | |  0.9
Polearms       | |  0.1
Staves         | |  0.2
Transmutations | |  0.8

Action                   |  1- 3 |  4- 6 |  7- 9 || total
-------------------------+-------+-------+-------++-------
Melee: Dagger            |    31 |     9 |       ||    40
       Quarterstaff      |       |     7 |     5 ||    12
       Halberd           |       |     4 |       ||     4
 Cast: Sandblast         |    72 |    41 |    12 ||   125
       Stone Arrow       |       |     2 |       ||     2
  Use: Potion            |     1 |     3 |       ||     4
       Scroll            |       |    10 |       ||    10
 Stab: Paralysed         |     7 |     7 |     1 ||    15
       Sleeping          |     6 |     5 |       ||    11
Armor: Robe              |     9 |     7 |     1 ||    17
       Skin              |       |     3 |       ||     3
Dodge: Dodged            |    32 |    15 |     7 ||    54
